 Dungeon Crawl Stone Soup version 0.28-b1-1-g3c77fb2ed1 (webtiles) character file.

Game seed: 6168949545488827439

12755 growler the Stormcaller (level 11, -17/62 HPs)
             Began as a Tengu Air Elementalist on Jan 29, 2022.
             Was a Believer of Vehumet.
             Demolished by a boulder beetle (26 damage)
             ... on level 11 of the Dungeon.
             The game lasted 00:37:28 (17781 turns).

growler the Stormcaller (Tengu Air Elementalist)   Turns: 17781, Time: 00:37:29

Health: -17/62     AC:  2    Str:  9    XL:     11   Next: 98%
Magic:  3/19       EV: 17    Int: 20    God:    Vehumet [**....]
Gold:   529        SH:  0    Dex: 14    Spells: 10/20 levels left

rFire   . . .      SeeInvis .   p - +0 demon trident
rCold   . . .      Faith    .   (no shield)
rNeg    . . .      Spirit   .   a - +0 robe
rPois   .          Reflect  .   (helmet restricted)
rElec   .          Harm     .   (no cloak)
rCorr   .          Rampage  .   (no gloves)
Will    .....                   (boots unavailable)
Stlth   ++........              (no amulet)
HPRegen 0.20/turn               (no ring)
MPRegen 0.16/turn               (no ring)

@: flying quickly and evasively, quick
A: beak, talons 3, nimble flight
a: Renounce Religion


You were on level 11 of the Dungeon.
You worshipped Vehumet.
Vehumet was pleased with you.
You visited 2 branches of the dungeon, and saw 12 of its levels.

You collected 529 gold pieces.

Inventory:

Hand Weapons
 p - a +0 demon trident (weapon)
   (You found it on level 1 of the Dungeon)
Armour
 a - a +0 robe (worn)
Magical Staves
 e - a staff of conjuration {!a}
   (You found it on level 3 of the Dungeon)
Jewellery
 n - an amulet of faith {!P}
   (You took it off an orc on level 3 of the Dungeon)
 x - a +4 ring of evasion
   (You took it off an orc on level 5 of the Dungeon)
 E - an amulet of magic regeneration
   (You found it on level 9 of the Dungeon)
Wands
 u - a wand of paralysis (17)
   (You found it on level 4 of the Dungeon)
 v - a wand of digging (5)
   (You found it on level 8 of the Dungeon)
 y - a wand of polymorph (25)
   (You found it on level 6 of the Dungeon)
Scrolls
 b - 3 scrolls of fear {unknown}
 c - 8 scrolls of teleportation {@r4}
 d - 4 scrolls of enchant weapon {unknown}
 f - 2 scrolls of enchant armour {unknown}
 g - 10 scrolls of identify {@r1}
 j - a scroll of holy word {unknown}
 l - 3 scrolls of blinking {unknown}
 r - 2 scrolls of amnesia {unknown}
 s - a scroll of vulnerability {unknown}
 t - a scroll of magic mapping {unknown}
 w - a scroll of fog {unknown}
 B - a scroll of noise {unknown}
 D - a scroll of acquirement {unknown}
 G - a scroll of silence {unknown}
 H - a scroll of torment {unknown}
Potions
 h - 6 potions of curing {@q1}
 i - 2 potions of might {unknown}
 k - 4 potions of flight {unknown}
 m - 2 potions of degeneration {unknown}
 o - 3 potions of haste {unknown}
 q - 5 potions of heal wounds {unknown}
 z - 2 potions of lignification {unknown}
 A - 3 potions of brilliance
 C - a potion of mutation {unknown}
 F - 2 potions of invisibility {unknown}


   Skills:
 + Level 4.6 Fighting
 + Level 13.1 Polearms
 + Level 5.9 Dodging
 - Level 2.0 Stealth
 - Level 5.0 Spellcasting
 - Level 4.0 Conjurations
 - Level 15.0 Air Magic


You had 10 spell levels left.
You knew the following spells:

 Your Spells              Type           Power      Damage    Failure   Level
a - Shock                 Conj/Air       100%       1d9       1%          1
b - Airstrike             Air            30%        N/A       1%          4
d - Static Discharge      Conj/Air       43%        N/A       1%          2
s - Swiftness             Air            60%        N/A       1%          3

Your spell library contained the following spells:

 Spells                   Type           Power      Damage    Failure   Level
 Magic Dart               Conj           84%        1d7       2%          1
 Poisonous Vapours        Pois/Air       70%        N/A       1%          2
 Sting                    Tmut/Pois      20%        1d4       12%         1
 Silence                  Hex/Air        17%        N/A       14%         5
 Dazzling Flash           Conj/Hex       26%        N/A       16%         3
 Olgreb's Toxic Radiance  Pois           5%         N/A       75%         4
 Agony                    Necr           5%         N/A       97%         5
 Summon Forest            Summ/Tloc      2%         N/A       97%         5
 Summon Mana Viper        Hex/Summ       5%         N/A       97%         5
 Summon Cactus Giant      Summ           2%         N/A       100%        6


Dungeon Overview and Level Annotations

Branches:
Dungeon (11/15)            Temple (1/1) D:7
   Lair: D:8-11         Orc: D:9-12

Altars:
Ashenzari
Cheibriados
Dithmenos
Elyvilon
Fedhas
Gozag
Hepliaklqana
Kikubaaqudgha
Makhleb
Nemelex Xobeh
Okawaru
Ru
Sif Muna
Trog
Uskayaw
Vehumet
Wu Jian
Xom
Yredelemnul
Zin
Beogh

Shops:
D:3 *   D:9 *

Annotations:
D:4 Edmund
D:6 1 runed translucent door, WaxSun's ghost, novice TeAE
D:10 3 runed translucent doors, dornbeast's ghost, journeyman DjFE


Innate Abilities, Weirdness & Mutations

You have a beak for a mouth.
You have claws for feet.
Your magical nature lets you fly swiftly and evasively.


Message History

The air twists around and strikes the komodo dragon!
The komodo dragon bites you!!
* * * LOW HITPOINT WARNING * * *
You see here a yak corpse.
There is a stone staircase leading up here.
Aim: a komodo dragon (heavily wounded, empty space bonus: 8/8)
The air twists around and strikes the komodo dragon!
You see here an amulet of faith {!P}.
You see here an ugly thing skeleton.
You don't know that spell.
Unknown command.
Unknown command.
Aim: a komodo dragon (severely wounded, empty space bonus: 8/8)
The air twists around and strikes the komodo dragon!!
You kill the komodo dragon!
Vehumet accepts your kill.
You feel your power returning.
You can't see any susceptible monsters within range! (Use Z to cast anyway.) Unknown command.
Things that are here:
a +0 plate armour; 3 boomerangs; a +0 mace
H - a scroll labelled SIFEZY XAULIXOSUGY The boulder beetle leaps!
The boulder beetle leaps!
Things that are here:
a +0 plate armour; 3 boomerangs; a +0 mace
There is a stone staircase leading up, spattered with blood here.
What are your orders? t - Shout!
Orders for allies: a - Attack new target. r - Retreat! s - Stop attacking. g - Guard the area. f - Follow me.
Anything else - Cancel.
You shout for attention!
The boulder beetle curls into a ball and begins rolling!
Aim: a boulder beetle (rolling, empty space bonus: 8/8)
The air twists around and strikes the boulder beetle!
Aim: a boulder beetle (lightly wounded, rolling, empty space bonus: 8/8)
The air twists around and strikes the boulder beetle but does no damage.
Aim: a boulder beetle (lightly wounded, rolling, empty space bonus: 8/8)
The air twists around and strikes the boulder beetle.
Aim: a boulder beetle (lightly wounded, rolling, empty space bonus: 8/8)
The air twists around and strikes the boulder beetle but does no damage.
You hit the boulder beetle but do no damage.
You claw the boulder beetle. The boulder beetle hits you!!!
Ouch! That really hurt!
* * * LOW HITPOINT WARNING * * *
The boulder beetle stops rolling and uncurls.
The boulder beetle bites you!!
You die...

.. ....#...............#
...##...##..........#.###
...#......#..........###
...#.............[##..#
#.....#................#
###......#......°..##.#..##
####....
##.......°.[.#######
...#..## #.......B[...#.###
#..#...####..#..@....##..[#
#...#..######............##
##..##....#................#
....####..................##
.#..###..................##
####.....................#
.#......................##
........†...............##
....#....................#


You could see a boulder beetle.

Vanquished Creatures
  Fannar (D:10)
  Erica (D:9)
  4 two-headed ogres
  An ugly thing (D:11)
  Pikel (D:4)
  A gargoyle (D:10)
  A komodo dragon (D:11)
  2 trolls
  Grinder (D:5)
  Prince Ribbit (D:7)
  Sigmund (D:7)
  A wyvern (D:8)
  A vampire (D:9)
  8 humans (D:7)
  15 yaks
  2 water moccasins (D:9)
  An acid dragon (D:10)
  3 orc warriors
  2 centaurs
  2 ogres (D:4)
  A phantom (D:7)
  2 kobold brigands
  Blork the orc (D:5)
  4 bullfrogs
  2 scorpions (D:5)
  A killer bee (D:9)
  8 wights
  A howler monkey (D:9)
  A crimson imp (D:8)
  3 centaur zombies
  7 hounds
  5 orc priests
  A bullfrog skeleton (D:5)
  11 orc wizards
  2 killer bee zombies
  A howler monkey zombie (D:8)
  Robin (D:3)
  3 gnolls (D:8)
  A howler monkey skeleton (D:7)
  6 adders
  A shadow imp (D:8)
  A white imp (D:7)
  A worm (D:2)
  2 dart slugs
  57 orcs
  8 ball pythons
  6 bats
  9 endoplasms
  2 giant cockroaches (D:2)
  17 goblins
  10 hobgoblins
  3 jackals (D:7)
  5 kobolds
  2 quokkas (D:1)
  4 frilled lizards
  8 rats
248 creatures vanquished.

Vanquished Creatures (others)
  9 plants (D:11)
9 creatures vanquished.

Grand Total: 257 creatures vanquished

Notes
Turn   | Place    | Note
-------+----------+-------------------------------------------
     0 | D:1      | growler the Tengu Air Elementalist began the quest for the
                  | Orb.
     0 | D:1      | Reached XP level 1. HP: 10/10 MP: 4/4
   116 | D:1      | Reached XP level 2. HP: 2/15 MP: 0/6
   374 | D:1      | Learned a level 2 spell: Static Discharge
   651 | D:1      | Found a faded altar of an unknown god.
   775 | D:1      | Reached XP level 3. HP: 19/19 MP: 7/7
  1130 | D:2      | Reached skill level 1 in Polearms
  1580 | D:2      | Reached XP level 4. HP: 22/24 MP: 8/8
  2337 | D:3      | Reached skill level 5 in Air Magic
  2987 | D:3      | Noticed Robin
  2999 | D:3      | Killed Robin
  3000 | D:3      | Gained mutation: Your magical nature lets you fly swiftly
                  | and evasively. [Tengu growth]
  3000 | D:3      | Reached XP level 5. HP: 13/28 MP: 3/10
  3090 | D:3      | Learned a level 3 spell: Swiftness
  3630 | D:3      | Found Zin's Purification Station.
  3635 | D:3      | Found a glowing silver altar of Zin.
  3647 | D:3      | Found a basalt altar of Yredelemnul.
  3850 | D:4      | Noticed a lemure
  3934 | D:4      | Noticed Edmund
  3961 | D:4      | HP: 1/28 [Edmund (3)]
  4020 | D:4      | Found a shimmering blue altar of Sif Muna.
  4308 | D:4      | Noticed Pikel
  4308 | D:4      | Noticed a lemure
  4308 | D:4      | Noticed a lemure
  4323 | D:4      | Killed Pikel
  4324 | D:4      | Reached skill level 7 in Air Magic
  4324 | D:4      | Reached XP level 6. HP: 17/32 MP: 1/13
  4324 | D:4      | Reached XP level 7. HP: 19/36 MP: 1/14
  4564 | D:4      | Found a bloodstained altar of Trog.
  4740 | D:4      | Learned a level 4 spell: Airstrike
  4760 | D:4      | Reached skill level 5 in Polearms
  4932 | D:4      | Found an ancient bone altar of Kikubaaqudgha.
  4947 | D:4      | Found an ornate altar of the Wu Jian Council.
  5038 | D:5      | Entered Level 5 of the Dungeon
  5042 | D:5      | Reached skill level 8 in Air Magic
  5042 | D:5      | Reached XP level 8. HP: 32/41 MP: 10/15
  5371 | D:5      | Found a hide-covered altar of Uskayaw.
  5537 | D:5      | Found a broken altar of Ashenzari.
  5556 | D:5      | Noticed a two-headed ogre
  5558 | D:5      | Noticed Grinder
  5589 | D:5      | Killed Grinder
  5590 | D:5      | Reached skill level 9 in Air Magic
  6122 | D:5      | Killed a two-headed ogre
  6123 | D:5      | Reached skill level 10 in Air Magic
  6123 | D:5      | Reached XP level 9. HP: 14/45 MP: 2/16
  6424 | D:5      | Noticed Blork the orc
  6436 | D:5      | Killed Blork the orc
  6719 | D:6      | Found a runed translucent door.
  6758 | D:6      | Found a shimmering altar of Xom.
  6758 | D:6      | Noticed WaxSun's ghost (novice TeAE)
  6758 | D:6      | Noticed a +0 rapier of chaos
  6921 | D:6      | Found an opulent altar of Gozag.
  6947 | D:6      | Found an iron altar of Okawaru.
  7478 | D:7      | Reached skill level 11 in Air Magic
  7582 | D:7      | Found a staircase to the Ecumenical Temple.
  7592 | Temple   | Entered the Ecumenical Temple
  7600 | Temple   | Became a worshipper of Vehumet
  7760 | D:7      | Found a sacrificial altar of Ru.
  7815 | D:7      | Noticed Prince Ribbit
  7818 | D:7      | Killed Prince Ribbit
  8220 | D:7      | Noticed Sigmund
  8646 | D:7      | Reached skill level 12 in Air Magic
  8928 | D:7      | Reached XP level 10. HP: 39/50 MP: 0/17
  9070 | D:7      | Reached skill level 10 in Polearms
  9107 | D:7      | Reached skill level 13 in Air Magic
  9302 | D:7      | Killed Sigmund
  9619 | D:7      | Reached * piety under Vehumet
  9619 | D:7      | Offered knowledge of Sandblast by Vehumet.
  9861 | D:7      | You are sucked into a shaft and drop 2 floors!
 10151 | D:9      | Found Heequoh's Demolitions Depot.
 10503 | D:9      | Reached skill level 14 in Air Magic
 11772 | D:9      | Noticed Erica
 11776 | D:9      | Killed Erica
 11777 | D:9      | Reached XP level 11. HP: 50/54 MP: 1/18
 12405 | D:9      | Reached skill level 15 in Air Magic
 12995 | D:8      | Reached skill level 1 in Fighting
 13666 | D:8      | Noticed a two-headed ogre
 13782 | D:8      | Found a burning altar of Makhleb.
 14183 | D:8      | Killed a two-headed ogre
 14510 | D:10     | Entered Level 10 of the Dungeon
 14885 | D:10     | Noticed a two-headed ogre
 14926 | D:10     | Killed a two-headed ogre
 15338 | D:10     | Found a runed translucent gate.
 15338 | D:10     | Noticed Fannar
 15346 | D:10     | Killed Fannar
 15347 | D:10     | Reached skill level 5 in Spellcasting
 15469 | D:10     | Found a runed translucent gate.
 15470 | D:10     | Found a runed translucent gate.
 15496 | D:10     | Noticed a two-headed ogre
 15521 | D:10     | Killed a two-headed ogre
 15893 | D:10     | Offered knowledge of Magic Dart by Vehumet.
 15899 | D:10     | Reached ** piety under Vehumet
 15906 | D:10     | Reached skill level 5 in Dodging
 16746 | D:10     | Noticed dornbeast's ghost (journeyman DjFE)
 17076 | D:11     | Noticed a boulder beetle
 17120 | D:11     | Noticed a brown ugly thing
 17147 | D:11     | Killed a brown ugly thing
 17781 | D:11     | Demolished by a boulder beetle

Illustrated notes

Levels and vault maps discovered:
D:1:      dpeg_arrival_rhombus, layout_rooms, hellmonk_ecumenical_altar_run_dry,
          minmay_3d_cube
D:2:      layout_loops_ring
D:3:      layout_basic, mainiacjoe_overflow_alcove_1, zin_purify, uniq_robin
D:4:      layout_basic, mainiacjoe_overflow_brackets, general_overflow_altar,
          mainiacjoe_overflow_swirl, uniq_pikel, uniq_edmund
D:5:      layout_gridville, nicolae_ashenzari_panopticon,
          eat_drink_and_be_merry_uskayaw, feat_on_display, uniq_grinder,
          uniq_blork_the_orc
D:6:      layout_basic, nicolae_gozag_cash_rules_everything_around_me,
          mainiacjoe_overflow_small_starburst, ebering_ghost_xom
D:7:      erik_cavepeople, layout_rooms, nicolae_ru_great_annihilating_truth,
          minmay_temple_entry_sparse_star, solitary_fountain,
          uniq_prince_ribbit1
D:8:      layout_loops_ring, makhleb_grotto_becter, grunt_decor_fettered
D:9:      layout_stronghold, st_stairs_6, minivault_19, nicolae_blasting_shop,
          uniq_erica
D:10:     layout_basic, special_room [special_room_orc],
          gammafunk_ghost_necromancy, chequers_serial_rivers_micro_c,
          kennysheep_generic_room_2, uniq_fannar
D:11:     layout_cave_pools, david_lair_shrubbed, kennysheep_generic_room_11
Temple:   eino_temple_lava

Skill      XL: |  1  2  3  4  5  6  7  8  9 10 11 |
---------------+----------------------------------+-----
Conjurations   | 2 3 4 |  4.0
Polearms       | 1 2 4 5 7 9 11 13 | 13.1
Air Magic      | 5 7 8 10 12 14 15 | 15.0
Spellcasting   | 4 5 |  5.0
Fighting       | 4 |  4.6
Dodging        | 5 |  5.9
Stealth        | |  2.0

Action                   |  1- 3 |  4- 6 |  7- 9 | 10-12 || total
-------------------------+-------+-------+-------+-------++-------
Melee: Demon trident     |    69 |    34 |   114 |   205 ||   422
       Kick              |    11 |     5 |    19 |    56 ||    91
       Peck              |     6 |     3 |    20 |    31 ||    60
       Unarmed           |       |       |     3 |       ||     3
       Punch             |       |       |     1 |     4 ||     5
 Cast: Shock             |     9 |    64 |    11 |    13 ||    97
       Static Discharge  |     3 |    10 |    10 |    57 ||    80
       Airstrike         |       |       |    62 |   104 ||   166
  Use: Potion            |       |     1 |       |       ||     1
       Scroll            |       |       |     2 |       ||     2
 Stab: Sleeping          |     9 |     1 |     2 |       ||    12
       Paralysed         |       |       |     1 |       ||     1
       Distracted        |       |       |       |     2 ||     2
Armor: Robe              |    10 |     5 |     2 |     8 ||    25
Dodge: Dodged            |    32 |    28 |    57 |   114 ||   231
